 Dungeon Crawl Stone Soup version 0.26-a0-1053-gaff5f71418 (webtiles) character file.

Game seed: 3735676812975577444

263 dolemite99 the Chopper (level 5, 0/41 HPs)
             Began as a Demonspawn Fighter on Dec 12, 2020.
             Splashed by a jelly's acid (5 damage)
             ... on level 3 of the Dungeon.
             The game lasted 00:03:27 (3849 turns).

dolemite99 the Chopper (Demonspawn Fighter)         Turns: 3849, Time: 00:03:28

Health: 0/41       AC: 11    Str: 17    XL:     5   Next: 98%
Magic:  5/5        EV:  6    Int:  9    God:
Gold:   176        SH:  8    Dex: 13    Spells: 4/4 levels left

rFire    . . .     SeeInvis .   a - +1 war axe (flame)
rCold    . . .     Faith    .   c - +0 kite shield
rNeg     . . .     Spirit   .   b - +0 scale mail
rPois    .         Reflect  .   (no helmet)
rElec    .         Harm     .   (no cloak)
rCorr    .         Rampage  +   y - +1 pair of gloves
Will     .....                  A - +2 pair of boots {rampage}
Stlth    ..........             (no amulet)
HPRegen  0.13/turn              (no ring)
MPRegen  0.09/turn              (no ring)

@: no status effects
A: talons 1, foul stench 1, rot immunity
a: no special abilities


You were on level 3 of the Dungeon.
You visited 1 branch of the dungeon, and saw 3 of its levels.

You collected 176 gold pieces.

Inventory:

Hand Weapons
 a - a +1 war axe of flaming (weapon)
 q - a +0 hunting sling
 z - a +0 war axe
Missiles
 o - 32 sling bullets
 t - 12 javelins
 w - 41 poisoned darts (quivered)
 C - 28 stones
Armour
 b - a +0 scale mail (worn)
 c - a +0 kite shield (worn)
 y - a +1 pair of gloves (worn)
 A - a +2 pair of boots of rampaging (worn)
 E - a +2 tower shield
Magical Staves
 D - an uncursed staff of poison {unknown}
Jewellery
 l - an uncursed ring of positive energy {unknown}
 p - a cursed amulet of inaccuracy {unknown}
Wands
 F - a wand of polymorph (4)
Scrolls
 e - 3 scrolls of identify {unknown}
 h - 3 scrolls of teleportation {unknown}
 i - a scroll of remove curse {unknown}
 k - 3 scrolls of random uselessness {unknown}
 s - a scroll of magic mapping {unknown}
Potions
 d - a potion of might
 f - 2 potions of brilliance {unknown}
 g - a potion of degeneration {unknown}
 j - 3 potions of attraction {unknown}
 m - 2 potions of mutation {unknown}
 n - a potion of invisibility {unknown}
 r - 2 potions of curing {unknown}
 u - a potion of ambrosia {unknown}
 v - 2 potions of flight {unknown}
 x - a potion of heal wounds {unknown}
 B - a potion of berserk rage {unknown}


   Skills:
 - Level 3.0 Fighting
 + Level 5.7 Axes
 - Level 2.6 Armour
 - Level 2.6 Shields


You had 4 spell levels left.
You didn't know any spells.
Your spell library was empty.

Dungeon Overview and Level Annotations

Branches:
Dungeon (3/15)

Altars:
Xom


Innate Abilities, Weirdness & Mutations

You have sharp toenails.
You may emit foul miasma when damaged in melee.
You are immune to rotting.


Message History

You slash the jelly! You burn the jelly.
Your hands burn!
* * * LOW HITPOINT WARNING * * *
The jelly is severely wounded.
The jelly hits you.
* * * LOW HITPOINT WARNING * * *
You are splashed with acid!
* * * LOW HITPOINT WARNING * * *
The jelly looks sick.
Things that are here:
a +0 short sword; a kobold corpse
There is an open door here.
There is an open gate here.
You are no longer corroded.
The jelly completely misses you. The jelly hits you but does no damage.
You see here a +0 dagger.
Items here: ))) [ ÷.
You rampage towards the jelly!
You hit the jelly. You burn the jelly.
Your hands burn!
You die...

##.'......#'#J#..P.PP#
#..'÷.......#J#......#
#..'....J...#J#JJ(PP÷#
#..##.......#.#.(....#
##J####......##'J(.P÷.#
#..# ##########.÷..÷.# #.##
### ####### #
#########.######.#
############
###.........JJ)J@..#
#...........
.......<....########
###...######
###########.##### ##.##
.....#..........# #.#
..............#.#########.#
†.##.#.######.#...........#
..##.#.# #.###########[###
..##.#.# #.# #...#
#.##.#.######.## #)#.#


You could see a jelly (sick) and 2 oozes.

Vanquished Creatures
  2 jellies (D:3)
  Terence (D:3)
  A worker ant (D:2)
  5 adders (D:3)
  4 oozes
  3 worms (D:3)
  5 dart slugs
  2 leopard geckos
  3 orcs (D:3)
  A ball python (D:2)
  10 bats
  A giant cockroach (D:2)
  6 goblins
  6 hobgoblins
  3 jackals (D:2)
  10 kobolds
  A quokka (D:2)
  4 frilled lizards
  8 rats
76 creatures vanquished.

Vanquished Creatures (others)
  8 toadstools (D:3)
8 creatures vanquished.

Grand Total: 84 creatures vanquished

Notes
Turn   | Place    | Note
-------+----------+-------------------------------------------
     0 | D:1      | dolemite99 the Demonspawn Fighter began the quest for the
                  | Orb.
     0 | D:1      | Reached XP level 1. HP: 18/18 MP: 1/1
    38 | D:1      | Reached skill level 2 in Axes
   155 | D:1      | Gained mutation: You have sharp toenails. [demonic
                  | ancestry]
   155 | D:1      | Reached XP level 2. HP: 24/24 MP: 2/2
  1031 | D:2      | Reached skill level 3 in Axes
  1119 | D:2      | Gained mutation: You are immune to rotting. [demonic
                  | ancestry]
  1119 | D:2      | Reached XP level 3. HP: 18/29 MP: 3/3
  1746 | D:2      | Found a faded altar of an unknown god.
  2116 | D:2      | Gained mutation: You may emit foul miasma when damaged in
                  | melee. [demonic ancestry]
  2116 | D:2      | Reached XP level 4. HP: 35/35 MP: 4/4
  2126 | D:2      | Reached skill level 4 in Axes
  2607 | D:3      | Found a shimmering altar of Xom.
  2764 | D:3      | Reached XP level 5. HP: 35/41 MP: 5/5
  3047 | D:3      | Noticed Terence
  3285 | D:3      | Reached skill level 5 in Axes
  3729 | D:3      | Killed Terence
  3818 | D:3      | HP: 1/41 [acid (10)]
  3849 | D:3      | Splashed by a jelly's acid

Illustrated notes

Levels and vault maps discovered:
D:1:      minmay_arrival_open_corners, layout_basic
D:2:      layout_loops_ring, chequers_ecumenical_altar_island
D:3:      cheibrodos_fertilizer, layout_loops_ring, brannock_xom_greatest_gift,
          uniq_terence

Skill      XL: |  1  2  3  4  5 |
---------------+----------------+-----
Axes           | 2 3 4 5 |  5.7
Fighting       | |  3.0
Armour         | |  2.6
Shields        | |  2.6

Action                   |  1- 3 |  4- 6 || total
-------------------------+-------+-------++-------
Melee: War axe           |    74 |    86 ||   160
       Kick              |    14 |     8 ||    22
Throw: Javelin           |     3 |    19 ||    22
       Dart              |       |    37 ||    37
  Use: Scroll            |       |     1 ||     1
Armor: Scale mail        |    44 |    33 ||    77
Dodge: Dodged            |    24 |    22 ||    46
Block: Kite shield       |    40 |    40 ||    80

Table legend: (Time is in decaauts)
 A = Elapsed time spent in this place.
 B = Non-inter-level travel time spent in this place.
 C = Inter-level travel time spent in this place.
 D = Time resting spent in this place.
 E = Time spent auto-exploring this place.
 F = Levels seen in this place.
 G = Mean time per level.
                   A        B        C        D        E       F      G
               +--------+--------+--------+--------+--------+-----+--------+
         Total |   3922 |   3830 |     92 |   1206 |   1862 |   3 | 1307.3 |
       Dungeon |   3922 |   3830 |     92 |   1206 |   1862 |   3 | 1307.3 |
               +--------+--------+--------+--------+--------+-----+--------+

Top non-repeatable levels by time:
     D:3: 1471 daAuts
     D:2: 1416 daAuts
     D:1: 1034 daAuts
